 Dungeon Crawl Stone Soup version 0.30-a0-1157-g2cc9ac7196 (webtiles) character file.

Game seed: 470323769738578233

13591 jasper the Jinx (level 11, 0/55 HPs)
             Began as a Spriggan Conjurer on Apr 24, 2023.
             Was an Elder of Sif Muna.
             Killed from afar by an acid dragon (26 damage)
             ... with a splash of acid
             ... on level 11 of the Dungeon.
             The game lasted 00:21:17 (14333 turns).

jasper the Jinx (Spriggan Conjurer)                Turns: 14333, Time: 00:21:17

Health: 0/55       AC:  6    Str:  3    XL:     11   Next: 77%
Magic:  17/25      EV: 35    Int: 23    God:    Sif Muna [****..]
Gold:   827        SH:  0    Dex: 13    Spells: 9/28 levels left

rFire   x . .        q - +1 whip "Icrax" {venom, rElec Dex+2}
rCold   . . .        (no shield)
rNeg    . . .        l - +1 robe "Umnadd" {rF- Regen+ Archmagi}
rPois   +            (helmet restricted)
rElec   +            t - +2 cloak "Bemeplot" {rPois Will+ Dex-4}
rCorr   .            (gloves unavailable)
SInv    +            (boots unavailable)
Will    ++...        g - amulet of the acrobat
Stlth   ++++         n - ring of poison resistance
HPRegen 1.09/turn    m - ring of wizardry
MPRegen 0.19/turn

%: acrobat, wizardry (x1), archmagi
@: acrobatic, very quick
A: very small, no large weapons, unfitting armour, see invisible, speed 3
a: Renounce Religion, Channel Magic, Forget Spell, Divine Exegesis


You were on level 11 of the Dungeon.
You worshipped Sif Muna.
Sif Muna was greatly pleased with you.
You visited 1 branch of the dungeon, and saw 12 of its levels.

You collected 827 gold pieces.

Inventory:

Hand Weapons
 f - a +1 whip of draining
 q - the +1 whip "Icrax" (weapon) {venom, rElec Dex+2}
   (You found it on level 5 of the Dungeon)

   Dex:       It affects your dexterity (+2).
   rElec:     It insulates you from electricity.
 B - a +2 demon blade of pain
Missiles
 k - 5 throwing nets
Armour
 a - a +1 robe
 l - the +1 robe "Umnadd" (worn) {rF- Regen+ Archmagi}
   (You found it on level 5 of the Dungeon)

   rF:        It makes you vulnerable to fire.
   Regen:     It increases your rate of health regeneration.
   Archmagi:  It increases the power of your magical spells.
 t - the +2 cloak "Bemeplot" (worn) {rPois Will+ Dex-4}
   (You acquired it on level 9 of the Dungeon)

   Dex:       It affects your dexterity (-4).
   rPois:     It protects you from poison.
   Will:      It increases your willpower.
 v - a +0 cloak
Jewellery
 g - an amulet of the acrobat (around neck)
 m - a ring of wizardry (right hand)
 n - a ring of poison resistance (left hand)
 y - an amulet of guardian spirit
 z - a ring of fire
 C - a ring of ice
Wands
 s - a wand of roots (2)
 x - a wand of flame (28)
Scrolls
 c - 3 scrolls of amnesia
 e - a scroll of enchant armour
 p - 4 scrolls of teleportation
 u - 3 scrolls of fog
 w - a scroll of blinking
 D - a scroll of immolation
 E - a scroll of vulnerability
Potions
 b - 5 potions of magic
 d - 5 potions of lignification
 h - 4 potions of mutation
 i - a potion of might
 j - 6 potions of curing
 o - 10 potions of heal wounds
 r - 2 potions of attraction
 A - 2 potions of degeneration {unknown}


   Skills:
 + Level 5.0 Fighting
 + Level 8.4 Dodging
 - Level 10.0 Stealth
 + Level 9.1 Spellcasting
 - Level 7.0 Conjurations
 * Level 10.5 Hexes
 - Level 6.0 Translocations
 + Level 5.8 Invocations
 + Level 2.8 Evocations


You had 9 spell levels left.
You knew the following spells:

 Your Spells              Type           Power      Damage    Failure   Level
a - Magic Dart            Conj           100%       1d8       1%          1
b - Searing Ray           Conj           100%       2d8       1%          2
c - Fulminant Prism       Conj/Hex       33%        3d16      1%          4
d - Iskenderun's Mystic   Conj/Tloc      57%        2d12      1%          4
e - Apportation           Tloc           100%       N/A       1%          1
f - Enfeeble              Hex            36%        N/A       26%         7

Your spell library contained the following spells:

 Spells                   Type           Power      Damage    Failure   Level
 Dazzling Flash           Conj/Hex       100%       N/A       1%          3
 Cause Fear               Hex            36%        N/A       1%          4
 Necrotise                Necr           60%        1d7       2%          1
 Summon Small Mammal      Summ           60%        N/A       2%          1
 Vhi's Electric Charge    Tloc/Air       72%        N/A       2%          3
 Anguish                  Hex/Necr       25%        N/A       2%          4
 Scorch                   Fire           30%        2d6       4%          2
 Flame Wave               Conj/Fire      39%        2d11      6%          4
 Ozocubu's Armour         Ice            15%        N/A       8%          3
 Vampiric Draining        Necr           15%        2d7       8%          3
 Metabolic Englaciation   Hex/Ice        25%        N/A       9%          5
 Arcjolt                  Conj/Air       19%        1d29      16%         5
 Agony                    Necr           15%        N/A       52%         5
 Simulacrum               Ice/Necr       7%         N/A       97%         6
 Summon Cactus Giant      Summ           7%         N/A       97%         6
 Maxwell's Capacitive Co  Air            7%         ∞         100%        8


Dungeon Overview and Level Annotations

Branches:
Dungeon (12/15)            Temple (0/1) D:6            Lair (0/5) D:11
    Orc (0/2) D:10

Altars:
Ashenzari
Dithmenos
Gozag
Hepliaklqana
Kikubaaqudgha
Nemelex Xobeh
Okawaru
Qazlal
Ru
Sif Muna
Trog
Uskayaw
Vehumet
Wu Jian
Xom
The Shining One

Annotations:
D:3 3 runed translucent doors, hellse's ghost, amateur MiBe
D:7 2 transporters, Pimp's ghost, novice DrFi
D:9 1 runed translucent door, TheUltimateLifeform's ghost, novice HOFi


Innate Abilities, Weirdness & Mutations

You are very small and have problems with some larger weapons.
You are too small for most types of armour.
You have supernaturally acute eyesight. (SInv)
You cover ground extremely quickly. (Speed+++)


Message History

What level of the Lair of Beasts? (default 1, ? - help)
There is an open door here.
There is an open door here.
There is an open door here.
There is an open door here.
There is a stone staircase leading up here.
You climb upwards.
The boulder beetle leaps!
A vampire comes into view.
The acid dragon bites you! The acid dragon closely misses you.
There is a stone staircase leading down here.
You take 8 damage, and have 47/55 hp.
Casting: Searing Ray (safe; 1% risk of failure)
Confirm with . or Enter, or press ? or * to list all spells.
You feel a surge of power!
You erupt in a blast of force!
The mystic blast hits the orc warrior.
The orc warrior is lightly wounded.
The orc warrior is knocked back by the mystic blast.
The mystic blast hits the acid dragon!
The acid dragon is heavily wounded.
The acid dragon is knocked back by the mystic blast.
You regained 2 hp, and now have 49/55 hp.
You now have 21/25 mp.
Casting: Iskenderun's Mystic Blast (dangerous; 1% risk of failure)
Confirm with . or Enter, or press ? or * to list all spells.
You can't see any susceptible monsters within range! (Use Z to cast anyway.)
Casting: Iskenderun's Mystic Blast (dangerous; 1% risk of failure)
Confirm with . or Enter, or press ? or * to list all spells.
Aiming: Fulminant Prism (dangerous; 1% risk of failure)
Press: ? - help, Dir - move target You feel a surge of power!
You conjure a prism of explosive energy!
A fulminant prism comes into view.
The acid dragon spits acid at you. The splash of acid hits you!!
The vampire casts a spell.
The vampire flickers and vanishes for a moment.
You take 23 damage, and have 26/55 hp.
MASSIVE DAMAGE!!
You now have 17/25 mp.
The acid dragon spits acid at you. The splash of acid hits you!!
You die...

#.....#............#...#
#.....#####'###..#...≈..
#.................######
#....#######............
#....#.....#............
#....#.....#......^.....
#....#.....#............
#....####'##............
#......@>..D............
#........*o.............
#............V[#########
#.............#........
#####.........#.#######
#.....<...##.
#..........#D#
#..........##.
#####...........#.#


You could see a vampire (invisible), an orc warrior, an acid dragon (catching
breath, ally target) and a friendly fulminant prism.

Vanquished Creatures
  A two-headed ogre (D:10)
  Amaemon (D:8)
  Pikel (D:7)
  A cyclops (D:12)
  A manticore (D:12)
  Joseph (D:8)
  An orange demon (D:8)
  4 unseen horrors
  2 trolls
  A merfolk (D:9)
  2 shadows (D:12)
  18 yaks
  A wyvern (D:10)
  2 vampires (D:11)
  A wraith (D:11)
  A steam dragon (D:7)
  5 vampire mosquitoes (D:12)
  An acid dragon (D:8)
  3 water moccasins
  An orc warrior (D:7)
  2 black bears
  An ogre (D:5)
  A sky beast (D:6)
  3 ice beasts
  8 centaurs
  2 lemures (D:7)
  3 phantoms
  A gnoll sergeant (D:7)
  9 scorpions
  3 bullfrogs
  16 wights
  5 howler monkeys
  4 hounds
  A gnoll bouda (D:7)
  A jelly (D:6)
  5 orc priests
  2 sleepcaps
  Jessica (D:2)
  5 iguanas
  2 orc wizards
  16 gnolls
  4 adders
  A river rat (D:4)
  2 white imps (D:6)
  2 ufetubi
  A dart slug (D:2)
  25 orcs
  3 ball pythons
  8 bats
  2 endoplasms
  3 giant cockroaches
  3 hobgoblins
  4 jackals
  6 quokkas
  A frilled lizard (D:1)
  12 goblins
  6 kobolds
  5 rats
  A spectral orc (D:10)
  A butterfly (D:7)
230 creatures vanquished.

Vanquished Creatures (others)
  A bush (D:9)
  67 fulminant prisms
  2 plants (D:11)
70 creatures vanquished.

Grand Total: 300 creatures vanquished

Notes
Turn   | Place    | Note
-------+----------+-------------------------------------------
     0 | D:1      | jasper the Spriggan Conjurer began the quest for the Orb.
     0 | D:1      | Reached XP level 1. HP: 9/9 MP: 5/5
   491 | D:1      | Reached XP level 2. HP: 13/13 MP: 0/6
   616 | D:1      | Learned a level 2 spell: Searing Ray
  1283 | D:2      | Reached XP level 3. HP: 16/16 MP: 4/8
  1872 | D:2      | Noticed Jessica
  1883 | D:2      | Killed Jessica
  1884 | D:2      | Reached XP level 4. HP: 21/21 MP: 2/9
  2166 | D:3      | Found a shimmering blue altar of Sif Muna.
  2171 | D:3      | Found a bloodstained altar of Trog.
  2176 | D:3      | Found an ancient bone altar of Kikubaaqudgha.
  2186 | D:3      | Became a worshipper of Sif Muna the Loreminder
  2368 | D:3      | Found a runed translucent gate.
  2368 | D:3      | Found a runed translucent gate.
  2368 | D:3      | Found a runed translucent gate.
  2369 | D:3      | Noticed hellse's ghost (amateur MiBe)
  2370 | D:3      | Noticed a kobold brigand
  2382 | D:3      | Learned a level 4 spell: Fulminant Prism
  2483 | D:3      | Reached skill level 1 in Hexes
  2594 | D:3      | Reached XP level 5. HP: 24/24 MP: 3/10
  2773 | D:3      | Found a shimmering altar of Xom.
  2985 | D:4      | Reached skill level 5 in Conjurations
  3078 | D:4      | Reached XP level 6. HP: 12/28 MP: 2/11
  3367 | D:4      | Found an iron altar of Okawaru.
  3414 | D:4      | Reached XP level 7. HP: 17/32 MP: 3/12
  3419 | D:4      | Learned a level 4 spell: Iskenderun's Mystic Blast
  3494 | D:4      | Reached * piety under Sif Muna
  3520 | D:4      | Reached skill level 5 in Hexes
  3618 | D:4      | Found an opulent altar of Gozag.
  4096 | D:4      | Found a glowing golden altar of the Shining One.
  4137 | D:4      | Found a sparkling altar of Nemelex Xobeh.
  4356 | D:5      | Entered Level 5 of the Dungeon
  4492 | D:5      | Identified the +1 robe "Umnadd" {rF- Regen+ Archmagi}
  4518 | D:5      | Reached skill level 1 in Translocations
  5082 | D:5      | Identified the +1 whip "Icrax" {venom, rElec Dex+2}
  5085 | D:5      | Found a shadowy altar of Dithmenos.
  5095 | D:5      | Reached XP level 8. HP: 36/36 MP: 3/13
  5329 | D:6      | Found an ornate altar of the Wu Jian Council.
  5334 | D:6      | Found a broken altar of Ashenzari.
  5743 | D:6      | Reached skill level 5 in Translocations
  5863 | D:6      | Learned a level 1 spell: Apportation
  5973 | D:7      | Reached ** piety under Sif Muna
  6061 | D:7      | Found a transporter.
  6062 | D:7      | Noticed Pimp's ghost (novice DrFi)
  6065 | D:7      | Found a transporter.
  6684 | D:6      | Found a staircase to the Ecumenical Temple.
  6759 | D:7      | Reached skill level 1 in Fighting
  7100 | D:7      | Reached skill level 1 in Invocations
  7122 | D:7      | Reached XP level 9. HP: 41/41 MP: 7/16
  7511 | D:7      | Reached skill level 5 in Spellcasting
  7611 | D:7      | Found a runed translucent door.
  7613 | D:7      | Found a runed translucent door.
  7618 | D:7      | Reached skill level 5 in Stealth
  8204 | D:7      | Noticed Pikel
  8209 | D:7      | Killed Pikel
  8210 | D:7      | Reached skill level 5 in Dodging
  8218 | D:7      | Learned a level 7 spell: Enfeeble
  8502 | D:8      | Noticed an orange demon
  8512 | D:8      | Killed an orange demon
  8530 | D:8      | Noticed Amaemon
  8534 | D:8      | Reached XP level 10. HP: 49/49 MP: 7/21
  8551 | D:8      | Killed Amaemon
  8645 | D:8      | Reached *** piety under Sif Muna
  9090 | D:8      | Noticed Joseph
  9229 | D:8      | Killed Joseph
  9828 | D:9      | Found a runed translucent door.
  9832 | D:9      | Noticed TheUltimateLifeform's ghost (novice HOFi)
  9861 | D:9      | Found a radiant altar of Vehumet.
  9899 | D:9      | Identified a scroll of acquirement
  9899 | D:9      | Acquired the +2 cloak "Bemeplot" {rPois Will+ Dex-4}
 10199 | D:9      | Found a stormy altar of Qazlal.
 10266 | D:9      | Found a hide-covered altar of Uskayaw.
 10978 | D:9      | Found a sacrificial altar of Ru.
 11050 | D:10     | Entered Level 10 of the Dungeon
 11205 | D:10     | Found a staircase to the Orcish Mines.
 11289 | D:10     | Reached XP level 11. HP: 53/53 MP: 15/24
 11379 | D:10     | Noticed a two-headed ogre
 11396 | D:10     | Killed a two-headed ogre
 11425 | D:10     | Reached skill level 5 in Invocations
 11936 | D:10     | Found a hazy altar of Hepliaklqana.
 12067 | D:11     | Found a staircase to the Lair.
 13149 | D:11     | Noticed a boulder beetle
 13160 | D:12     | Reached skill level 1 in Evocations
 13369 | D:12     | Reached **** piety under Sif Muna
 13370 | D:12     | Reached skill level 10 in Hexes
 13938 | D:12     | Reached skill level 5 in Fighting
 13938 | D:12     | Reached skill level 10 in Stealth
 14333 | D:11     | Killed from afar by an acid dragon

Illustrated notes

Levels and vault maps discovered:
D:1:      amcnicky_arrival_single_pillar, layout_loops_ring,
          hangedman_decor_diamond_cutter
D:2:      layout_loops_ring, uniq_jessica
D:3:      layout_rooms, tgw_xom, minmay_overflow_temple_star_quad,
          gammafunk_ghost_nasty_kobolds
D:4:      layout_cave_pools, lemuel_tele_altar, nicolae_tso_carved_into_rock,
          okawaru_ov_weapons_minmay, lemuel_round_altar,
          gup_sewer_entry_bubbles, minmay_misc_feat_four_crosses
D:5:      layout_basic, nicolae_dithmenos_the_darkroom
D:6:      layout_loops_ring, grunt_temple_overflow_open, temple_hall,
          hangedman_decor_riveting
D:7:      lemuel_insect_pit, layout_basic, gammafunk_ghost_arena,
          hangedman_abyss_or_decor_slice, uniq_pikel
D:8:      layout_basic, kennysheep_generic_room_16, uniq_amaemon, uniq_joseph
D:9:      layout_loops_corners, mainiacjoe_overflow_boulevard,
          nicolae_qazlal_general_emergency, nicolae_ru_the_path_less_chosen,
          general_overflow_altar, ebering_ghost_reflecting_pool,
          hangedman_fish_farm
D:10:     layout_long_grid, nicolae_hepliaklqana_monster_ancestors, david_orc_2
D:11:     minmay_the_grid_triangle_9x9_rhombus_full_mashed
          [minmay_the_grid_triangle_9x9_zippers_vertical,
          minmay_the_grid_triangle_9x9_sprig,
          minmay_the_grid_triangle_9x9_flanged_cone,
          minmay_the_grid_triangle_9x9_stretched_checkered,
          minmay_the_grid_triangle_9x9_descending_squares,
          minmay_the_grid_triangle_9x9_empty,
          minmay_the_grid_triangle_9x9_zippers_horizontal,
          minmay_the_grid_triangle_9x9_prize_top_heavy], layout_irregular_city,
          dpeg_oklobed_lair, nicolae_concentric_dashed_squares_wild,
          hangedman_batty
D:12:     layout_roguey

Skill      XL: |  1  2  3  4  5  6  7  8  9 10 11 |
---------------+----------------------------------+-----
Conjurations   | 3 4 5 6 7 |  7.0
Hexes          | 1 3 4 6 9 10 | 10.5
Translocations | 3 6 |  6.0
Spellcasting   | 4 7 8 9 |  9.1
Dodging        | 3 5 7 8 |  8.4
Fighting       | 1 3 4 5 |  5.0
Stealth        | 4 6 8 10 | 10.0
Invocations    | 1 3 4 5 |  5.8
Evocations     | 2 |  2.8

Action                     |  1- 3 |  4- 6 |  7- 9 | 10-12 || total
---------------------------+-------+-------+-------+-------++-------
  Melee: Unarmed           |    15 |       |       |       ||    15
         Whip              |       |     6 |    12 |    75 ||    93
         Punch             |       |       |     1 |     2 ||     3
   Cast: Magic Dart        |    65 |    42 |    83 |    55 ||   245
         Searing Ray       |     6 |    15 |    42 |    30 ||    93
         Fulminant Prism   |       |       |    17 |    51 ||    68
         Iskenderun's Myst |       |       |     3 |    12 ||    15
  Evoke: Wand              |       |       |       |    13 ||    13
    Use: Scroll            |     1 |     2 |     9 |     8 ||    20
   Stab: Distracted        |       |       |       |     1 ||     1
 Armour: Robe              |    12 |     1 |     2 |    19 ||    34
  Dodge: Dodged            |    52 |    11 |    41 |   154 ||   258

Table legend: (Time is in decaauts)
 A = Elapsed time spent in this place.
 B = Non-inter-level travel time spent in this place.
 C = Inter-level travel time spent in this place.
 D = Time resting spent in this place.
 E = Time spent auto-exploring this place.
 F = Levels seen in this place.
 G = Mean time per level.
                   A        B        C        D        E       F      G
               +--------+--------+--------+--------+--------+-----+--------+
         Total |  11286 |  11104 |    182 |    794 |   8793 |  12 |  940.5 |
       Dungeon |  11286 |  11104 |    182 |    794 |   8793 |  12 |  940.5 |
               +--------+--------+--------+--------+--------+-----+--------+

Top non-repeatable levels by time:
     D:7: 1330 daAuts
     D:4: 1220 daAuts
     D:8: 1213 daAuts
     D:6: 1168 daAuts
    D:12: 964 daAuts
     D:9: 901 daAuts
     D:1: 827 daAuts
    D:11: 826 daAuts
    D:10: 740 daAuts
     D:2: 740 daAuts
     D:3: 701 daAuts
     D:5: 650 daAuts
